Map: Acropolis LE

Players

Harstem - Winner!

  • Race: Protoss Protoss
  • Spawn Location: 11:00

BackupN

  • Race: Protoss Protoss
  • Spawn Location: 5:00

VOD

Have the link to the VOD?

Description

Time

  • Played on: Sept. 6, 2019, 1:03 p.m.
  • Length: 3:59
Show
View Real Time Build Order
Export as new Build Order

Harstem Protoss - Winner!

Build Orders:  

Get SALT Encoding   

  12  0:01  Probe  
  13  0:13  Probe  
  14  0:17  Pylon  
  14  0:25  Probe  
  15  0:35  Gateway, Probe  
  16  0:44  Probe  
  16  0:49  Assimilator  
  17  0:52  Probe  
  18  0:57  Assimilator  
  18  1:04  Probe  
  19  1:10  Gateway  
  19  1:16  Probe  
  20  1:22  Cybernetics Core  
  20  1:28  Probe  
  20  1:29  Pylon  
  21  1:40  Probe  
  22  1:52  Probe  
  23  1:57  Warp Gate  
  23  1:58  Stalker  
  23  1:59  Sentry  
  27  2:04  Probe  
  28  2:10  Pylon  
  28  2:16  Probe  
  28  2:20  Stalker  
  29  2:28  Stalker  
  33  2:44  Stalker  
  33  2:49  Pylon  
  33  2:50  Pylon  
  34  2:51  Pylon  
  34  3:05  Stalker  
  34  3:08  Pylon  
  36  3:15  Pylon  
  36  3:18  Pylon  
  38  3:23  Pylon  
  38  3:24  Pylon  
  38  3:34  Pylon  
  36  3:42  Pylon  
  36  3:43  Pylon  
  36  3:44  Sentry  
  38  3:53  Sentry  
Show
View Real Time Build Order
Export as new Build Order

BackupN Protoss 

Build Orders:  

Get SALT Encoding   

  12  0:01  Probe  
  13  0:13  Probe  
  14  0:25  Probe  
  15  0:28  Pylon  
  15  0:40  Pylon  
  15  0:46  Probe  
  16  0:58  Probe  
  16  0:59  Gateway  
  16  1:02  Gateway  
  17  1:14  Gateway  
  17  1:23  Gateway  
  17  1:33  Pylon  
  17  1:37  Zealot  
  17  1:40  Zealot  
  21  2:02  Zealot x2  
  21  2:03  Zealot  
  21  2:06  Zealot  
  29  2:28  Zealot  
  29  2:29  Zealot  
  33  2:30  Zealot  
  33  2:34  Pylon  
  35  2:40  Zealot  
  37  2:54  Zealot  
  37  2:55  Zealot  
  41  3:10  Zealot  
  41  3:11  Zealot  
  39  3:14  Zealot  
  37  3:22  Zealot  
Tags
 
Matchup
PvP
Player
Harstem
Spawn Locations
Cross Positions
Add a new tag
Caveats
  • Supply blocks, unpowered buildings, or Contaminate may cause inaccurate times.
  • Supply counts are checked every 10 seconds.